[Event "German Bundesliga 2024-25"]
[Site "Germany"]
[Date "2024.09.29"]
[Round "2.16"]
[White "Bologan, Victor"]
[Black "Zaja, Ivan"]
[Result "1-0"]
[ECO "C18"]
[WhiteElo "2598"]
[BlackElo "2421"]
[Annotator "RC"]
[PlyCount "91"]
[EventDate "2024.09.27"]
[EventType "team-tourn"]
[EventCountry "GER"]
[SourceTitle "playchess.com"]
[Source "ChessBase"]
[SourceQuality "1"]
[WhiteTeam "Duesseldorfer SK"]
[BlackTeam "SK Kirchweyhe"]
[TimeControl "40/5400+30:1800+30"]

1. e4 e6 2. d4 d5 3. Nc3 Bb4 4. e5 c5 5. a3 Ba5 6. b4 cxd4 7. Qg4 Ne7 8. bxa5 dxc3 9. Qxg7 Rg8 10. Qxh7 Nbc6 11. Nf3 Qc7 12. Bf4 Bd7 13. a6 O-O-O 14. Qd3 Rg4 15. axb7+ Kb8 16. g3 Ng6 17. Qxc3 Nxf4 18. h3 Nxh3 19. Rxh3 Re4+ 20. Kd2 Qb6 21. Rh2 d4 22. Qd3 Qa5+ 23. Kd1 Rxe5 24. Nxe5 Nxe5 25. Rh5 f5 26. Qd2 Qd5 27. f4 d3 28. Kc1 Qf3 29. fxe5 Qxh5 30. Qxd3 Qg5+ 31. Kb2 Bc6 32. Qc3 Bxb7 33. Bc4 Rc8 34. Rd1 f4 35. Rd7 fxg3 36. Qd4 Rxc4 37. Qxc4 Qxe5+ 38. c3 a6 39. a4 Ka7 40. Qb4 Qb8 41. Qd4+ Ka8 42. Rd8 Bc8+ 43. Ka3 Qc7 44. Rg8 e5 45. Qe4+ Ka7 46. Rxg3 1-0